 Dungeon Crawl Stone Soup version 0.27.0-1-g7a089689b8 (webtiles) character file.

Game seed: 12332295992104633929

1435 ZARRMARR the Digger (level 8, -7/62 HPs)
             Began as a White Draconian Earth Elementalist on Aug 4, 2021.
             Was an Initiate of Vehumet.
             Mangled by a wyvern (15 damage)
             ... on level 6 of the Dungeon.
             The game lasted 00:54:56 (8430 turns).

ZARRMARR the Digger (DrEE)                          Turns: 8430, Time: 00:54:58

Health: -7/62      AC:  7    Str: 11    XL:     8   Next: 45%
Magic:  23/23      EV: 13    Int: 18    God:    Vehumet [......]
Gold:   331        SH:  0    Dex: 11    Spells: 9/15 levels left

rFire    . . .     SeeInvis .   t - +4 mace of Beyond {vamp, rElec}
rCold    + . .     Faith    .   (no shield)
rNeg     . . .     Spirit   .   (armour unavailable)
rPois    .         Reflect  .   (helmet restricted)
rElec    +         Harm     .   (no cloak)
rCorr    .         Rampage  .   (no gloves)
Will     .....                  e - +0 pair of boots
Stlth    ++........             (no amulet)
HPRegen  0.20/turn              r - ring of magical power
MPRegen  0.18/turn              (no ring)

@: hasted, very quick
A: breathe frost, AC +6, unfitting armour, cold resistance 1, cold-blooded
a: Breathe Frost, Renounce Religion


You were on level 6 of the Dungeon.
You worshipped Vehumet.
Vehumet was noncommittal.
You visited 2 branches of the dungeon, and saw 8 of its levels.
You also visited: Sewer.

You collected 379 gold pieces.
You spent 48 gold pieces at shops.

Inventory:

Hand Weapons
 t - the +4 mace of Beyond (weapon) {vamp, rElec}
   (You found it on level 4 of the Dungeon)

   It occasionally heals its wielder for a portion of the damage dealt when it
   wounds a living foe.
   rElec:     It insulates you from electricity.
Missiles
 a - 8 datura-tipped darts
 b - 123 stones
 f - 18 boomerangs (quivered)
 o - 18 poisoned darts
Armour
 e - a +0 pair of boots (worn)
Jewellery
 i - a ring of ice
 r - a ring of magical power (left hand)
Wands
 s - a wand of iceblast (11)
Scrolls
 c - 2 scrolls of amnesia
 k - 2 scrolls of teleportation
 q - a scroll of fog
 v - a scroll of acquirement
 y - 2 scrolls of noise
 z - a scroll of holy word
Potions
 d - 2 potions of lignification
 g - a potion of berserk rage {unknown}
 j - 2 potions of invisibility {unknown}
 l - 3 potions of heal wounds {unknown}
 m - a potion of might {unknown}
 n - 2 potions of haste
 p - a potion of mutation {unknown}
 w - a potion of brilliance {unknown}


   Skills:
 + Level 2.5 Fighting
 - Level 3.1 Long Blades
 + Level 2.7 Maces & Flails
 + Level 3.7 Throwing
 + Level 4.4 Dodging
 + Level 3.1 Stealth
 + Level 4.0 Spellcasting
 + Level 0.4 Conjurations
 + Level 1.2 Transmutations
 + Level 5.2 Earth Magic


You had 9 spell levels left.
You knew the following spells:

 Your Spells              Type           Power      Damage    Failure   Level
a - Sandblast             Erth           44%        2d11      1%          1
b - Passwall              Tmut/Erth      12%        N/A       6%          2
c - Stone Arrow           Conj/Erth      26%        3d8       14%         3

Your spell library contained the following spells:

 Spells                   Type           Power      Damage    Failure   Level
 Corona                   Hex            3%         N/A       14%         1
 Foxfire                  Conj/Fire      16%        2x1d4     14%         1
 Static Discharge         Conj/Air       4%         N/A       21%         2
 Corpse Rot               Necr/Air       N/A        N/A       22%         2
 Ensorcelled Hibernation  Hex/Ice        6%         N/A       22%         2
 Poisonous Vapours        Pois/Air       6%         N/A       22%         2
 Slow                     Hex            3%         N/A       22%         2
 Petrify                  Tmut/Erth      15%        N/A       36%         4
 Conjure Flame            Conj/Fire      4%         6-21      38%         3
 Confusing Touch          Hex            3%         N/A       41%         3
 Frozen Ramparts          Ice            6%         1d2       41%         3
 Gell's Gravitas          Tloc           1%         N/A       41%         3
 Inner Flame              Hex/Fire       3%         N/A       41%         3
 Lesser Beckoning         Tloc           1%         N/A       41%         3
 Teleport Other           Tloc           3%         N/A       41%         3
 Tukima's Dance           Hex            3%         N/A       41%         3
 Vampiric Draining        Necr           1%         2d6       41%         3
 Ice Form                 Ice/Tmut       5%         N/A       75%         4
 Sticky Flame             Conj/Fire      4%         2d3       80%         4
 Dispel Undead            Necr           3%         3d7       82%         4
 Summon Ice Beast         Ice/Summ       3%         N/A       82%         4
 Freezing Cloud           Conj/Ice/Air   2%         6-21      98%         5


Dungeon Overview and Level Annotations

Branches:
Dungeon (7/15)             Temple (1/1) D:5           Sewer (visited)

Altars:
Ashenzari
Cheibriados
Dithmenos
Gozag
Kikubaaqudgha
Makhleb
Qazlal
Ru
Trog
Uskayaw
Vehumet
Wu Jian
Xom
Zin
The Shining One

Shops:
D:1 :   D:4 ?

Annotations:
D:5 2 transporters


Innate Abilities, Weirdness & Mutations

You can breathe waves of freezing cold which knock back foes.
Your icy white scales are hard. (AC +6)
You cannot fit into any form of body armour.
Your flesh is cold resistant. (rC+)
You are cold-blooded and may be slowed by cold attacks.


Message History

As you read the scroll of blinking, it crumbles to dust.
You see here a +0 robe.
The centaur shoots an arrow.
The arrow hits you!
The wyvern hisses menacingly.
As you read the scroll of fog, it crumbles to dust.
The scroll dissolves into smoke.
The wyvern bites you!
* * * LOW HITPOINT WARNING * * *
The wyvern bites you.
* * * LOW HITPOINT WARNING * * *
The wyvern bites you.
* * * LOW HITPOINT WARNING * * *
It was a potion of haste.
You feel yourself speed up.
The wyvern bites you but does no damage.
The centaur shoots an arrow.
The arrow closely misses you.
The centaur shoots an arrow.
The arrow closely misses you.
You have got your breath back.
The centaur shoots an arrow.
The arrow hits you but does no damage.
There is a stone staircase leading up here.
The wyvern bites you but does no damage.
You climb upwards.
There is a stone staircase leading down here.
You hit the wyvern.
You feel better.
The wyvern is moderately wounded.
The wyvern bites you.
* * * LOW HITPOINT WARNING * * *
You hit the wyvern.
The wyvern is heavily wounded.
The wyvern bites you but does no damage.
The wyvern bites you.
* * * LOW HITPOINT WARNING * * *
You sock the wyvern!
You feel better.
The wyvern is severely wounded.
The wyvern closely misses you.
You closely miss the wyvern.
The wyvern is severely wounded.
The wyvern barely misses you.
You hit the wyvern.
You feel better.
Your tail-slap misses the wyvern.
The wyvern is severely wounded.
The wyvern bites you!
You die...

########## #
#####........######
#.@.#...)....'....#
#.l.'.......)#....#
#...#........#....#
#...#.....).<##...#
#########.....##'##
#.....#....
#.....#....
#.....#....
##########.....#####


You could see a wyvern.

Vanquished Creatures
  A water moccasin (D:7)
  A sky beast (D:5)
  A black bear (D:4)
  An orc warrior (D:3)
  3 ogres
  A phantom (D:4)
  A water moccasin skeleton (D:4)
  A bullfrog zombie (D:6)
  A hound (D:3)
  A gnoll shaman (D:5)
  3 orc priests
  2 centaur skeletons
  2 iguanas
  6 orc wizards
  A killer bee zombie (D:6)
  4 gnolls
  4 adders
  An adder skeleton (D:4)
  5 worms
  3 dart slugs
  22 orcs
  8 endoplasms
  4 giant cockroaches
  7 goblins
  3 hobgoblins
  16 jackals
  2 quokkas
  8 ball pythons
  4 bats
  7 frilled lizards
  11 kobolds
  3 rats
138 creatures vanquished.

Vanquished Creatures (others)
  8 plants (Sewer)
8 creatures vanquished.

Grand Total: 146 creatures vanquished

Notes
Turn   | Place    | Note
-------+----------+-------------------------------------------
     0 | D:1      | ZARRMARR the Draconian Earth Elementalist began the quest
                  | for the Orb.
     0 | D:1      | Reached XP level 1. HP: 14/14 MP: 3/3
   198 | D:1      | Reached XP level 2. HP: 12/20 MP: 1/5
   505 | D:1      | Found Ycaodase's Book Shop.
   609 | D:1      | Found a faded altar of an unknown god.
  1116 | D:2      | Reached XP level 3. HP: 26/26 MP: 2/6
  1599 | D:2      | Reached skill level 4 in Earth Magic
  1692 | D:2      | Reached skill level 1 in Throwing
  2056 | D:2      | Learned a level 2 spell: Passwall
  2487 | D:3      | Reached XP level 4. HP: 34/34 MP: 5/7
  3104 | D:4      | Noticed an orc warrior
  3104 | D:4      | Noticed a black bear
  3411 | D:4      | Noticed an ogre
  3417 | D:4      | Killed an ogre
  3418 | D:4      | Reached skill level 1 in Fighting
  3418 | D:4      | Reached skill level 1 in Long Blades
  3418 | D:4      | Reached XP level 5. HP: 40/40 MP: 5/8
  3429 | D:4      | Killed a black bear
  3430 | D:4      | Reached XP level 6. HP: 36/47 MP: 6/9
  3754 | D:4      | Found a broken altar of Ashenzari.
  3955 | D:4      | Found an opulent altar of Gozag.
  4473 | D:3      | Killed an orc warrior
  4474 | D:3      | Your scales start taking on an icy white colour.
  4474 | D:3      | Reached XP level 7. HP: 9/53 MP: 11/11
  4474 | D:3      | Gained mutation: Your flesh is cold resistant. (rC+) [White
                  | Draconian growth]
  4879 | D:4      | Found a shadowy altar of Dithmenos.
  4982 | D:4      | Identified the +4 mace of Beyond {vamp, rElec}
  5029 | D:4      | Found Fihu's Magic Scroll Shop.
  5039 | D:4      | Bought a scroll of identify for 24 gold pieces
  5039 | D:4      | Bought a scroll of identify for 24 gold pieces
  5219 | D:5      | Entered Level 5 of the Dungeon
  5297 | D:5      | Found a glowing drain.
  5320 | Sewer    | Entered a sewer
  6180 | D:5      | Found a snail-covered altar of Cheibriados.
  6343 | D:5      | Found a staircase to the Ecumenical Temple.
  6354 | Temple   | Entered the Ecumenical Temple
  6473 | Temple   | Became a worshipper of Vehumet
  6620 | D:5      | Found an ancient bone altar of Kikubaaqudgha.
  6621 | D:5      | Noticed a wraith
  6623 | D:5      | Found a transporter.
  6631 | D:5      | Found a transporter.
  6872 | D:5      | Learned a level 3 spell: Stone Arrow
  6949 | D:5      | Reached skill level 1 in Maces & Flails
  6949 | D:5      | Reached skill level 5 in Earth Magic
  6949 | D:5      | Reached XP level 8. HP: 39/61 MP: 13/13
  7405 | D:6      | Found a sacrificial altar of Ru.
  8189 | D:6      | Identified a scroll of acquirement
  8430 | D:6      | Mangled by a wyvern

Illustrated notes

Levels and vault maps discovered:
D:1:      evilmike_arrival_plus, layout_basic,
          hellmonk_ecumenical_altar_heavens_door, serial_shops,
          nicolae_square_shop
D:2:      layout_basic, kennysheep_minor_cross
D:3:      layout_basic
D:4:      layout_rooms, grunt_gozag_breadcrumbs,
          nicolae_dithmenos_through_a_glass_darkly,
          ashenzari_conservatory_becter, nicolae_wooded_promenade,
          minmay_misc_feat_doors
D:5:      layout_gridville, gammafunk_temple_overflow_arena, slow_altar_1,
          minmay_temple_entry_proselytizer, cheibrodos_sewer_entry_bend
D:6:      layout_gridville, mainiacjoe_overflow_brackets
D:7:      kennysheep_steamy, layout_gridville, lemuel_coloured_pillars_altar,
          serial_shops, nicolae_stop_n_shop_1, uniq_pikel
Temple:   nicolae_temple_figure_zero

Skill      XL: |  1  2  3  4  5  6  7  8 |
---------------+-------------------------+-----
Earth Magic    | 4 5 |  5.2
Throwing       | 1 2 3 |  3.7
Dodging        | 2 3 4 |  4.4
Fighting       | 1 2 |  2.5
Long Blades    | 1 2 3 |  3.1
Stealth        | 2 3 |  3.1
Spellcasting   | 3 4 |  4.0
Maces & Flails | 1 2 |  2.7
Conjurations   | |  0.4
Transmutations | |  1.2

Action                   |  1- 3 |  4- 6 |  7- 9 || total
-------------------------+-------+-------+-------++-------
Melee: Club              |    13 |       |       ||    13
       Tailslap          |     5 |    15 |    11 ||    31
       Falchion          |    38 |   129 |    12 ||   179
       Mace              |       |       |   132 ||   132
Throw: Boomerang         |    41 |    28 |    62 ||   131
 Cast: Sandblast         |    23 |    15 |    21 ||    59
       Passwall          |     1 |       |     2 ||     3
       Stone Arrow       |       |       |    12 ||    12
 Abil: Breathe Frost     |       |       |    16 ||    16
  Use: Scroll            |     3 |     2 |     9 ||    14
       Potion            |       |     1 |     2 ||     3
 Stab: Sleeping          |     2 |     1 |     3 ||     6
Armor: Skin              |    21 |    65 |    68 ||   154
Dodge: Dodged            |    23 |    78 |   102 ||   203
       Rpst.: Falchion   |     6 |    27 |       ||    33
